 Dungeon Crawl Stone Soup version 0.29-a0-495-g17b79114eb (webtiles) character file.

Game seed: 4844670712645492754

105 ultragoat the Grave Robber (level 4, 0/32 HPs)
             Began as a Mummy Necromancer on May 28, 2022.
             Slain by an orc wizard
             ... wielding a +0 dagger
              (3 damage)
             ... on level 4 of the Dungeon.
             The game lasted 00:21:53 (3609 turns).

ultragoat the Grave Robber (Mummy Necromancer)      Turns: 3609, Time: 00:21:53

Health: 0/32       AC:  3    Str: 11    XL:     4   Next: 54%
Magic:  9/9        EV: 12    Int: 16    God:
Gold:   112        SH:  0    Dex: 12    Spells: 2/10 levels left

rFire   . . .      SeeInvis .   (no weapon)
rCold   + . .      Faith    .   (no shield)
rNeg    + + +      Spirit   .   i - +0 robe {rF+}
rPois   ∞          Reflect  .   (no helmet)
rElec   .          Harm     .   (no cloak)
rCorr   .          Rampage  .   j - +0 pair of gloves
Will    .....                   (no boots)
Stlth   +.........              c - amulet of magic regeneration
HPRegen 0.10/turn               (no ring)
MPRegen 0.51/turn               (no ring)

@: confused
A: cold resistance 1, negative energy resistance 3, torment resistance 2, heat
vulnerability 1, in touch with death 1, no potions
a: no special abilities


You were on level 4 of the Dungeon.
You visited 1 branch of the dungeon, and saw 4 of its levels.

You collected 204 gold pieces.
You spent 92 gold pieces at shops.

Inventory:

Armour
 i - a +0 robe of fire resistance (worn)
 j - a +0 pair of gloves (worn)
Jewellery
 c - an amulet of magic regeneration (around neck)
 h - a ring of fire
Scrolls
 a - a scroll of immolation {unknown}
 b - 3 scrolls of teleportation
 d - a scroll of vulnerability
 e - a scroll of enchant weapon
 f - 2 scrolls of noise {unknown}
 g - a scroll of magic mapping {unknown}
 k - a scroll of blinking {unknown}


   Skills:
 * Level 1.3 Fighting
 + Level 1.7 Dodging
 + Level 1.7 Stealth
 - Level 0.1 Unarmed Combat
 + Level 3.6 Spellcasting
 * Level 5.1 Necromancy


You had 2 spell levels left.
You knew the following spells:

 Your Spells              Type           Power      Damage    Failure   Level
a - Necrotize             Necr           100%       1d9       2%          1
b - Vampiric Draining     Necr           29%        2d8       6%          3
c - Animate Dead          Necr           29%        N/A       22%         4

Your spell library contained the following spells:

 Spells                   Type           Power      Damage    Failure   Level
 Gell's Gravitas          Tloc           2%         N/A       47%         3
 Lesser Beckoning         Tloc           2%         N/A       47%         3
 Teleport Other           Tloc           2%         N/A       47%         3
 Agony                    Necr           29%        N/A       52%         5
 Animate Armour           Summ/Erth      4%         N/A       87%         4
 Iron Shot                Conj/Erth      1%         9d1       100%        6
 Blade Hands              Tmut           Unusable   N/A       N/A         5

Dungeon Overview and Level Annotations

Branches:
Dungeon (4/15)
 Temple: D:4-7

Altars:

Shops:
D:1 [


Innate Abilities, Weirdness & Mutations

You are immune to poison.
Your flesh is cold resistant. (rC+)
You are immune to negative energy. (rN+++)
You are immune to unholy pain and torment.
You are vulnerable to heat. (rF-)
You are in touch with the powers of death.
You do not drink.


Message History

Your orc skeleton hits the orc but does no damage.
You hear some strange, mumbled words.
A puff of flame appears from out of thin air!
The puff of flame hits your orc skeleton!
Your orc skeleton is destroyed!
The orc hits you with a +0 club.
You're too confused to cast spells.
Sorry, you're not good enough to have a special ability.
Unknown command.
You're too confused to cast spells.
Sorry, you're not good enough to have a special ability.
Unknown command.
You bump into the rock wall.
You hear some strange, mumbled words.
You are more confused.
The orc hits you with a +0 club.
You closely miss the orc.
The orc is lightly wounded.
A magic dart appears from out of thin air!
The magic dart hits you. The orc hits you with a +0 club.
* * * LOW HITPOINT WARNING * * *
Unknown command.
You bump into the rock wall.
The orc hits you with a +0 club.
* * * LOW HITPOINT WARNING * * *
Unknown command.
You're too confused to cast spells.
You're too confused to aim your attacks!
Unknown command.
You're too confused to cast spells.
Sorry, you're not good enough to have a special ability.
Unknown command.
You're too confused to cast spells.
The orc attacks as you move away! The orc hits you with a +0 club.
* * * LOW HITPOINT WARNING * * *
Something barely misses you.
Unknown command.
You hit the orc.
The orc is heavily wounded.
Something hits you.
You die...

....###### ###......#
..#......# ..#.....<#
###### ..#....####
###....#
#...###...###...##.#
.###)#.....#.###.#.# .
#...#...#...#...## .
#...#####...#.@.##...#
. #...# #...#o{)##...#
. ##.#. .#.###.#.#...#
# # .###.
.###...##.#...+ .# ..
### #.....#)#...# ..#
. #...#...#..#...#
...# ## #..
#####..#)..#..o.## #
#..'...o...o..
#.....#.#####{....o


You could see an orc.

Vanquished Creatures
  2 adders
  A gnoll (D:1)
  A worm (D:2)
  2 orcs (D:4)
  11 bats
  6 endoplasms
  2 giant cockroaches
  8 goblins
  8 hobgoblins
  3 kobolds
  A quokka (D:4)
  3 ball pythons
  3 frilled lizards
  4 rats
55 creatures vanquished.

Vanquished Creatures (collateral kills)
  An adder (D:3)
  2 endoplasms (D:1)
  A goblin (D:2)
  A hobgoblin (D:2)
  A ball python (D:1)
6 creatures vanquished.

Grand Total: 61 creatures vanquished

Notes
Turn   | Place    | Note
-------+----------+-------------------------------------------
     0 | D:1      | ultragoat the Mummy Necromancer began the quest for the
                  | Orb.
     0 | D:1      | Reached XP level 1. HP: 13/13 MP: 4/4
   508 | D:1      | Reached XP level 2. HP: 18/19 MP: 1/5
   954 | D:1      | Noticed a golden eye
   959 | D:1      | Found a faded altar of an unknown god.
   961 | D:1      | Noticed a golden eye
   964 | D:1      | Noticed a great orb of eyes
   964 | D:1      | Noticed a golden eye
   974 | D:1      | Found Figiuchu's Armour Emporium.
  1107 | D:1      | Gained mutation: You are in touch with the powers of death.
                  | [Mummy growth]
  1107 | D:1      | Reached XP level 3. HP: 23/25 MP: 7/7
  1160 | D:1      | Reached skill level 1 in Fighting
  1234 | D:1      | Learned a level 3 spell: Vampiric Draining
  2654 | D:3      | Reached XP level 4. HP: 31/32 MP: 7/9
  2831 | D:1      | Bought a +0 robe of fire resistance for 92 gold pieces
  3116 | D:3      | Learned a level 4 spell: Animate Dead
  3125 | D:3      | Reached skill level 5 in Necromancy
  3609 | D:4      | Slain by an orc wizard

Illustrated notes

Levels and vault maps discovered:
D:1:      psy_arrival_wood_between_worlds, layout_basic,
          hellmonk_ecumenical_altar_watching_god, serial_shops, shop_fountains,
          dreamdust_princess_bridge
D:2:      layout_loops_ring, grunt_decor_one_mirror, hangedman_decor_push
D:3:      layout_loops_ring
D:4:      nicolae_cairo_tiling, layout_gridville, hangedman_decor_peaks_small

Skill      XL: |  1  2  3  4 |
---------------+-------------+-----
Spellcasting   | 3 |  3.6
Fighting       | 1 |  1.3
Necromancy     | 5 |  5.1
Dodging        | |  1.7
Stealth        | |  1.7
Unarmed Combat | |  0.1

Action                   |  1- 3 |  4- 6 || total
-------------------------+-------+-------++-------
Melee: Unarmed           |    30 |    22 ||    52
 Cast: Necrotize         |    67 |    23 ||    90
       Vampiric Draining |       |     1 ||     1
  Use: Scroll            |     4 |       ||     4
Armor: Robe              |    22 |    10 ||    32
Dodge: Dodged            |    52 |    32 ||    84

Table legend: (Time is in decaauts)
 A = Elapsed time spent in this place.
 B = Non-inter-level travel time spent in this place.
 C = Inter-level travel time spent in this place.
 D = Time resting spent in this place.
 E = Time spent auto-exploring this place.
 F = Levels seen in this place.
 G = Mean time per level.
                   A        B        C        D        E       F      G
               +--------+--------+--------+--------+--------+-----+--------+
         Total |   3609 |   3361 |    248 |    795 |   1066 |   4 |  902.2 |
       Dungeon |   3609 |   3361 |    248 |    795 |   1066 |   4 |  902.2 |
               +--------+--------+--------+--------+--------+-----+--------+

Top non-repeatable levels by time:
     D:1: 1655 daAuts
     D:2: 1102 daAuts
     D:3: 739 daAuts
     D:4: 111 daAuts
